 Dungeon Crawl Stone Soup version 0.28-a0-1624-g820543e53a (webtiles) character file.

Game seed: 10705625616265929819

138352 oldriver the Polluter (level 17, -14/163 HPs)
             Began as a Naga Venom Mage on Jan 24, 2022.
             Was a High Priest of Qazlal.
             Demolished by a hell knight (29 damage)
             ... on level 1 of the Depths.
             The game lasted 01:23:04 (49286 turns).

oldriver the Polluter (Naga Venom Mage)            Turns: 49286, Time: 01:23:05

Health: -14/163    AC: 23    Str: 11    XL:     17   Next: 26%
Magic:  8/34       EV: 25    Int: 26    God:    Qazlal [*****.]
Gold:   2647       SH:  0    Dex: 12    Spells: 17/42 levels left

rFire   + + .      SeeInvis +   J - +1 whip of Moschonoy {drain, *Noise rPois Will+++ Stlth+}
rCold   + . .      Faith    .   v - +0 buckler
rNeg    . . .      Spirit   .   d - +0 troll leather armour {Pargi}
rPois   +          Reflect  .   y - +1 helmet {Int+3}
rElec   .          Harm     .   H - scarf {rC+ rF+}
rCorr   .          Rampage  .   (no gloves)
Will    +++++                   h - +2 barding
Stlth   +.........              e - amulet of the acrobat
HPRegen 1.17/turn               L - +4 ring of protection
MPRegen 0.24/turn               O - ring of protection from fire

@: confused, short of breath, ambrosia-drunk, protected from physical damage,
acrobatic, repel missiles, very slow
A: AC +5, large, see invisible, deformed body, poison resistance, slowness 2,
spit poison 2, naga tail 2
a: Breathe Poison Gas, Renounce Religion, Upheaval, Elemental Force, Disaster
Area


You were on level 1 of the Depths.
You worshipped Qazlal.
Qazlal was extremely pleased with you.
You visited 6 branches of the dungeon, and saw 29 of its levels.
You also visited: Sewer.

You collected 3182 gold pieces.
You spent 535 gold pieces at shops.

Inventory:

Hand Weapons
 D - the +0 staff of Battle
   (You found it on level 8 of the Dungeon)

   It enhances your conjuration magic.
   It summons a battlesphere in combat, with strength depending on Conjurations
   skill.
   Its strikes trigger the battlesphere's blasts.
 J - the +1 whip of Moschonoy (weapon) {drain, *Noise rPois Will+++ Stlth+}
   (You bought it in a shop on level 10 of the Dungeon)

   A truly terrible weapon, it drains the life of any living foe it strikes.
   rPois:     It protects you from poison.
   *Noise:    It may make noises in combat.
   Will:      It greatly increases your willpower.
   Stlth:     It makes you more stealthy.
Missiles
 q - 33 poisoned darts
Armour
 d - a +0 troll leather armour (worn) {Pargi}
 h - a +2 barding (worn)
 v - a +0 buckler (worn)
 y - a +1 helmet of intelligence (worn)
 H - a scarf of resistance (worn)
 T - the +1 ring mail "Tihu" {rElec Str-3 Dex+8}
   (You found it on level 5 of the Lair of Beasts)

   Str:       It affects your strength (-3).
   Dex:       It affects your dexterity (+8).
   rElec:     It insulates you from electricity.
Magical Staves
 i - a staff of death
Jewellery
 e - an amulet of the acrobat (around neck)
 L - a +4 ring of protection (left hand)
 O - a ring of protection from fire (right hand)
 W - a ring of willpower
Wands
 b - a wand of digging (18)
 f - a wand of polymorph (14)
 n - a wand of mindburst (3)
 r - a wand of acid (6)
 E - a wand of charming (11)
 F - a wand of flame (7)
 G - a wand of paralysis (19)
 Q - a wand of iceblast (23)
Scrolls
 s - 3 scrolls of magic mapping
 u - 8 scrolls of identify
 x - 2 scrolls of immolation
 A - a scroll of enchant weapon
 M - 3 scrolls of fog
 S - 2 scrolls of holy word
 Z - 2 scrolls of amnesia
Potions
 c - a potion of might
 k - 4 potions of brilliance
 l - a potion of haste
 t - 2 potions of lignification
 w - 6 potions of degeneration
 C - 2 potions of flight
 I - a potion of attraction
 K - 4 potions of mutation
 N - a potion of invisibility
Miscellaneous
 B - a lightning rod (4/4)


   Skills:
 - Level 13.0 Fighting
 - Level 2.0 Armour
 + Level 9.7 Dodging
 - Level 13.0 Stealth
 - Level 5.0 Shields
 + Level 13.1 Spellcasting
 + Level 8.3 Conjurations
 - Level 3.0 Transmutations
 - Level 4.0 Fire Magic
 + Level 3.6 Ice Magic
 + Level 8.4 Air Magic
 - Level 15.0 Poison Magic
 - Level 8.0 Invocations
 - Level 5.0 Evocations


You had 17 spell levels left.
You knew the following spells:

 Your Spells              Type           Power      Damage    Failure   Level
a - Sting                 Tmut/Pois      100%       1d8       1%          1
b - Poisonous Vapours     Pois/Air       100%       N/A       1%          2
c - Mephitic Cloud        Conj/Pois/Air  64%        N/A       1%          3
d - Static Discharge      Conj/Air       57%        N/A       1%          2
f - Freezing Cloud        Conj/Ice/Air   25%        6-21      9%          5
i - Ignite Poison         Fire/Tmut/Pois 53%        N/A       1%          3
l - Lightning Bolt        Conj/Air       28%        1d45      4%          5
o - Olgreb's Toxic Radia  Pois           76%        N/A       1%          4

Your spell library contained the following spells:

 Spells                   Type           Power      Damage    Failure   Level
 Beastly Appendage        Tmut           64%        N/A       1%          1
 Freeze                   Ice            100%       1d11      1%          1
 Spider Form              Tmut/Pois      59%        N/A       1%          3
 Wereblood                Tmut           32%        N/A       2%          2
 Frozen Ramparts          Ice            70%        1d9       3%          3
 Alistair's Intoxication  Tmut/Pois      39%        N/A       3%          5
 Hailstorm                Conj/Ice       48%        3d11      4%          4
 Animate Skeleton         Necr           34%        N/A       5%          1
 Apportation              Tloc           34%        N/A       5%          1
 Summon Small Mammal      Summ           68%        N/A       5%          1
 Sublimation of Blood     Necr           17%        N/A       9%          2
 Fireball                 Conj/Fire      24%        3d11      12%         5
 Irradiate                Conj/Tmut      23%        3d21      14%         5
 Confusing Touch          Hex            17%        N/A       16%         3
 Tukima's Dance           Hex            17%        N/A       16%         3
 Petrify                  Tmut/Erth      24%        N/A       28%         4
 Passage of Golubria      Tloc           17%        N/A       47%         4
 Starburst                Conj/Fire      24%        6d8       54%         6
 Yara's Violent Unravell  Hex/Tmut       12%        3d7       63%         5
 Summon Forest            Summ/Tloc      8%         N/A       83%         5
 Summon Mana Viper        Hex/Summ       17%        N/A       83%         5
 Summon Cactus Giant      Summ           8%         N/A       100%        6
 Enfeeble                 Hex            8%         N/A       100%        7
 Ozocubu's Refrigeration  Ice            17%        4d8       100%        7
 Ignition                 Fire           18%        3d7       100%        8
 Maxwell's Capacitive Co  Air            28%        ∞         100%        8


Dungeon Overview and Level Annotations

Branches:
Dungeon (15/15)            Temple (0/1) D:7            Lair (6/6) D:10
  Swamp (1/4) Lair:2        Snake (3/4) Lair:2        Slime (0/5) Lair:5
    Orc (2/2) D:12            Elf (0/3) Orc:2        Vaults (0/5) D:14
 Depths (2/4) D:15          Sewer (visited)

Altars:
Okawaru
Qazlal
Yredelemnul
The Shining One
Beogh

Shops:
D:1 ?   D:10 (   D:11 *   D:12 (   D:13 (   Orc:2 [:!*?

Portals:
Pandemonium: Depths:2

Annotations:
D:3 2 transporters, sizableburger's ghost, weakling VSSu
Lair:4 exclusion: 2 oklob plants
Lair:6 1 runed translucent door, Gicorar's ghost, journeyman GrEE
Swamp:1 1 runed translucent door
Snake:2 Vashnia


Innate Abilities, Weirdness & Mutations

Your serpentine skin is tough. (AC +5)
You have supernaturally acute eyesight. (SInv)
Armour fits poorly on your strangely shaped body.
Your system is resistant to poisons. (rPois)
You cover ground very slowly.
You can exhale a cloud of poison.
You can use your snake-like lower body to constrict enemies.


Message History

Press: ? - help, Shift-Dir - straight line, f - necromancer
Aim: a necromancer, wielding a +0 dagger of venom and wearing a +2 robe of cold resistance (51% to hit)
You exhale a blast of poison gas.
The poison gas misses the hell knight.
The poison gas misses the necromancer.
The hell knight is poisoned.
The hell knight gestures at you while chanting.
The bolt of fire misses you.
The necromancer is engulfed in poison gas.
The necromancer is poisoned.
The necromancer casts a spell.
The necromancer binds the souls of nearby monsters.
You hear a deafening roar!
Aiming: Upheaval
Press: ? - help, Dir - move target, f/p - necromancer
Aim: a necromancer, wielding a +0 dagger of venom and wearing a +2 robe of cold resistance (poison gas, lightly wounded, poisoned)
The ground shakes violently, spewing rubble!
The blast of rubble hits the necromancer!!
The necromancer is severely wounded.
The hell knight is engulfed in poison gas.
The hell knight looks even sicker.
You block the hell knight's attack.
The hell knight is engulfed in poison gas.
The hell knight looks even sicker.
You block the hell knight's attack.
The necromancer is engulfed in poison gas.
The necromancer looks even sicker.
Casting: Olgreb's Toxic Radiance (safe; 1% risk of failure)
Confirm with . or Enter, or press ? or * to list all spells.
You don't have enough magic to cast this spell.
You are confused.
You feel invigorated.
You hear two shouts!
The hell knight is engulfed in poison gas.
The hell knight looks as sick as possible!
The hell knight hits you but does no damage.
You writhe in agony.
* * * LOW HITPOINT WARNING * * *
The necromancer casts a spell.
The necromancer binds the souls of nearby monsters.
The hell knight is engulfed in poison gas.
The hell knight looks as sick as possible!
The hell knight hits you from afar with a +4 glaive of pain!!
You die...

#### *,,,,, ##).#
*,,,,, #.)[# ***,,,
##)>## *,,,, #....#
*..., ##...##
**..$, #....##
**....,
####...))##*.....,
##@##......##....,,
#.○#p............,,
#.pp........#....,,
##.°.......##....,,
####.............,
#.##..#.#.....,
####..###,....,
##..##*,###.,
##.#..##..***,


You could see a hell knight (fast, soul bound, extremely poisoned) and a
necromancer (very poisoned).

Vanquished Creatures
  A pearl dragon (Depths:1)
  Kirke (Swamp:1)
  A nagaraja (Snake:3)
  Agnes (Snake:3)
  A fenstrider witch (Swamp:1)
  A fire giant (Depths:1)
  A frost giant (Depths:1)
  An orc warlord (Orc:1)
  Aizul (Swamp:1)
  5 very ugly things (Depths:1)
  2 stone giants
  2 eleionomae (Swamp:1)
  A bunyip (Swamp:1)
  2 ettins (Depths:1)
  Josephine (Orc:2)
  5 fire dragons
  A shambling mangrove (Swamp:1)
  2 great orbs of eyes (Depths:1)
  4 naga warriors
  A rakshasa (Depths:1)
  3 boulder beetles
  6 hydras
  2 vault guards (D:14)
  An ogre mage (D:15)
  5 catoblepae
  3 centaur warriors (D:13)
  4 anacondas
  A juggernaut simulacrum (Depths:1)
  8 two-headed ogres
  4 death yaks
  An alligator (Lair:2)
  A shock serpent (Snake:3)
  A naga sharpshooter (Snake:2)
  4 orc high priests (Orc:2)
  3 hell knights (Depths:1)
  A fire crab (Lair:6)
  5 skeletal warriors
  A goliath frog (Swamp:1)
  3 bog bodies (Swamp:1)
  A wizard (D:15)
  2 swamp dragons (Swamp:1)
  A spriggan simulacrum (D:15)
  7 necromancers
  2 lindwurms (Lair:6)
  A mana viper (Snake:3)
  An orc knight (D:15)
  A deep elf zephyrmancer (D:15)
  Pikel (D:7)
  2 deep elf pyromancers (D:13)
  4 orc sorcerers
  12 ugly things
  A salamander (Snake:3)
  4 manticores
  A will-o-the-wisp (Lair:2)
  2 cyclopes
  10 black mambas
  8 elephants
  A torpor snail (Lair:5)
  5 naga magi (Snake:3)
  12 cane toads
  2 guardian serpents (Snake:3)
  2 gargoyles
  A kobold demonologist (D:13)
  A tengu conjurer (D:8)
  13 rime drakes
  2 efreet
  3 entropy weaver simulacra (D:15)
  9 komodo dragons
  An anaconda simulacrum (D:15)
  A polar bear (Lair:4)
  A meliai (D:14)
  A tengu simulacrum (Depths:1)
  6 trolls
  A queen bee (Lair:1)
  2 hornets
  3 tyrant leeches
  7 dream sheep (Lair:4)
  33 blink frogs
  5 wraiths
  55 yaks
  2 water elementals
  7 wyverns
  2 minotaur simulacra (D:15)
  Grum (D:11)
  22 humans
  6 basilisks
  7 vampire mosquitoes
  20 nagas
  10 steam dragons
  7 swamp worms
  4 wargs
  15 water moccasins
  A warg (shapeshifter) (D:14)
  4 acid dragons
  21 orc warriors
  2 sky beasts (D:6)
  Pargi (Sewer)
  2 necrophages (D:10)
  7 wolves
  7 ogres
  A phantom (D:5)
  5 centaurs
  A lemure (D:7)
  3 kobold brigands
  A wyvern zombie (D:8)
  A gnoll sergeant (D:12)
  10 bullfrogs
  A deep troll simulacrum (D:15)
  4 scorpions
  A wyvern skeleton (D:6)
  2 water moccasin zombies
  21 killer bees
  A wight (D:9)
  3 electric eels
  7 howler monkeys
  A bullfrog zombie (D:5)
  3 jellies (Lair:5)
  4 hounds
  A human zombie (D:10)
  10 centaur zombies
  33 orc priests
  A gnoll shaman (D:7)
  A bullfrog skeleton (D:5)
  3 iguanas
  38 orc wizards
  A scorpion zombie (D:5)
  8 hell rats (Lair:1)
  2 killer bee zombies
  2 mummies (D:10)
  3 howler monkey zombies
  9 gnolls
  A howler monkey skeleton (D:5)
  3 river rats
  2 adders
  2 shadow imps (D:5)
  3 white imps
  An adder zombie (D:5)
  A worm (D:4)
  4 dart slugs
  62 orcs
  6 ball pythons
  5 bats
  9 endoplasms
  6 giant cockroaches
  12 hobgoblins
  5 jackals
  7 quokkas
  5 frilled lizards
  7 goblins
  15 kobolds
  5 rats
811 creatures vanquished.

Vanquished Creatures (others)
  A bloated husk (Swamp:1)
  2 hogs (Swamp:1)
  14 foxfires
  22 fungi
  44 plants
83 creatures vanquished.

Grand Total: 894 creatures vanquished

Notes
Turn   | Place    | Note
-------+----------+-------------------------------------------
     0 | D:1      | oldriver the Naga Venom Mage began the quest for the Orb.
     0 | D:1      | Reached XP level 1. HP: 15/15 MP: 3/3
   139 | D:1      | Found a faded altar of an unknown god.
   206 | D:1      | Prayed at the altar of an unknown god.
   206 | D:1      | Became a worshipper of Qazlal Stormbringer
   206 | D:1      | Reached * piety under Qazlal
   225 | D:1      | Found Cooskiko's Magic Scroll Shop.
   237 | D:1      | Reached XP level 2. HP: 18/22 MP: 0/5
  1381 | D:1      | Learned a level 2 spell: Poisonous Vapours
  1546 | D:2      | Reached XP level 3. HP: 28/28 MP: 3/7
  2187 | D:2      | Found a glowing golden altar of the Shining One.
  2399 | D:2      | Reached ** piety under Qazlal
  2901 | D:3      | Reached XP level 4. HP: 32/36 MP: 2/9
  3235 | D:3      | Found a transporter.
  3238 | D:3      | Found a transporter.
  3238 | D:3      | Noticed sizableburger's ghost (weakling VSSu)
  4034 | D:4      | Reached XP level 5. HP: 35/42 MP: 4/12
  4226 | D:4      | Found a glowing drain.
  4230 | Sewer    | Entered a sewer
  4339 | Sewer    | Noticed Pargi
  4346 | Sewer    | Gained mutation: You are frail. (-10% HP) [potion of
                  | mutation]
  4346 | Sewer    | Gained mutation: You tend to lose your temper in combat.
                  | [potion of mutation]
  4359 | Sewer    | Killed Pargi
  4360 | Sewer    | Reached skill level 5 in Spellcasting
  4360 | Sewer    | Reached XP level 6. HP: 26/45 MP: 4/13
  4604 | Sewer    | Learned a level 3 spell: Mephitic Cloud
  4609 | Sewer    | Learned a level 4 spell: Olgreb's Toxic Radiance
  4946 | D:4      | Reached skill level 1 in Fighting
  5449 | D:5      | Entered Level 5 of the Dungeon
  5703 | D:5      | Reached skill level 5 in Poison Magic
  5703 | D:5      | Reached XP level 7. HP: 17/54 MP: 9/15
  6100 | D:5      | Reached skill level 5 in Stealth
  6129 | D:5      | Reached *** piety under Qazlal
  6715 | D:5      | Reached XP level 8. HP: 61/61 MP: 9/16
  7097 | D:6      | Reached skill level 6 in Poison Magic
  7690 | D:6      | Reached skill level 1 in Shields
  8402 | D:7      | Reached XP level 9. HP: 70/70 MP: 5/18
  8870 | D:7      | Found a staircase to the Ecumenical Temple.
  8957 | D:7      | Reached skill level 7 in Poison Magic
  9019 | D:7      | Identified the +0 leather armour of the Old World {Dex+3}
  9542 | D:8      | Noticed Pikel
  9559 | D:7      | Killed Pikel
 10436 | D:7      | Reached skill level 5 in Fighting
 10436 | D:7      | Reached skill level 8 in Poison Magic
 10576 | D:8      | Noticed a tengu conjurer
 10610 | D:8      | Killed a tengu conjurer
 10611 | D:8      | Reached XP level 10. HP: 79/79 MP: 10/20
 10771 | D:8      | Found the +0 staff of Battle
 10807 | D:8      | Found the +18 Lear's hauberk
 10922 | D:8      | Reached skill level 5 in Dodging
 11146 | D:8      | Reached **** piety under Qazlal
 12020 | D:9      | Reached skill level 9 in Poison Magic
 12461 | D:9      | Learned a level 3 spell: Ignite Poison
 12480 | D:9      | Noticed a white ugly thing
 12498 | D:9      | Reached skill level 10 in Stealth
 12784 | D:9      | Reached skill level 1 in Fire Magic
 12930 | D:9      | Killed a white ugly thing
 13259 | D:9      | Found the +10 dark maul {vorpal}
 13405 | D:10     | Entered Level 10 of the Dungeon
 13405 | D:10     | Found Camo's Antique Weapon Boutique.
 13787 | D:10     | Bought a scorched whip for 180 gold pieces
 13787 | D:10     | Identified the +1 whip of Moschonoy {drain, *Noise rPois
                  | Will+++ Stlth+} (You bought it in a shop on level 10 of the
                  | Dungeon)
 14021 | D:11     | Noticed Grum
 14028 | D:11     | Reached XP level 11. HP: 89/89 MP: 2/23
 14047 | D:11     | Killed Grum
 14196 | D:11     | Noticed a two-headed ogre
 14200 | D:11     | Killed a two-headed ogre
 14201 | D:11     | Reached skill level 10 in Poison Magic
 14294 | D:11     | Learned a level 2 spell: Static Discharge
 14779 | D:11     | Found Juesunges's Assorted Antiques.
 15019 | D:11     | Reached skill level 1 in Conjurations
 15019 | D:11     | Reached skill level 1 in Air Magic
 15027 | D:11     | Noticed a two-headed ogre
 15559 | D:10     | Found a staircase to the Lair.
 16036 | D:10     | Found a basalt altar of Yredelemnul.
 16124 | D:10     | Reached ***** piety under Qazlal
 16164 | D:10     | Noticed a two-headed ogre
 16168 | D:10     | Killed a two-headed ogre
 16510 | D:10     | Lost mutation: You tend to lose your temper in combat.
                  | [potion of mutation]
 16510 | D:10     | Lost mutation: You are frail. (-10% HP) [potion of
                  | mutation]
 16510 | D:10     | Gained mutation: You sometimes lose the ability to read
                  | scrolls when taking damage. [potion of mutation]
 16511 | D:10     | Lost mutation: You sometimes lose the ability to read
                  | scrolls when taking damage. [potion of mutation]
 16511 | D:10     | Gained mutation: Your natural rate of healing is unusually
                  | fast. [potion of mutation]
 16511 | D:10     | Lost mutation: Your natural rate of healing is unusually
                  | fast. [potion of mutation]
 16511 | D:10     | Gained mutation: You can exhale a cloud of poison. [potion
                  | of mutation]
 16597 | Lair:1   | Entered Level 1 of the Lair of Beasts
 17166 | Lair:1   | Reached XP level 12. HP: 109/109 MP: 5/24
 17564 | Lair:1   | Reached skill level 11 in Poison Magic
 19873 | Lair:2   | Found a staircase to the Snake Pit.
 19982 | Lair:2   | Noticed a four-headed hydra
 19989 | Lair:2   | Killed a four-headed hydra
 19990 | Lair:2   | Reached skill level 1 in Evocations
 20809 | Lair:2   | Found the +7 captain's cutlass {speed, disarm}
 20921 | Lair:2   | Noticed a five-headed hydra
 21212 | Lair:2   | Killed a five-headed hydra
 21780 | Lair:2   | Reached skill level 12 in Poison Magic
 21780 | Lair:2   | Gained mutation: You can use your snake-like lower body to
                  | constrict enemies. [Naga growth]
 21780 | Lair:2   | Reached XP level 13. HP: 118/118 MP: 9/26
 22217 | Lair:2   | Found a staircase to the Swamp.
 25024 | D:12     | Reached skill level 5 in Conjurations
 25435 | D:12     | Reached skill level 5 in Air Magic
 25477 | D:12     | Found Uritut's Antique Weapon Shoppe.
 26485 | D:12     | Found a staircase to the Orcish Mines.
 26907 | Orc:1    | Entered Level 1 of the Orcish Mines
 26910 | Orc:1    | Reached ****** piety under Qazlal
 26919 | Orc:1    | Noticed an orc warlord
 27190 | Lair:4   | Reached skill level 10 in Spellcasting
 27703 | Lair:4   | Reached XP level 14. HP: 120/129 MP: 9/28
 28806 | Lair:5   | Reached skill level 13 in Poison Magic
 29113 | Lair:5   | Identified the +1 ring mail "Tihu" {rElec Str-3 Dex+8}
 29215 | Lair:5   | Found a staircase to the Slime Pits.
 29529 | Lair:6   | Entered Level 6 of the Lair of Beasts
 29756 | Lair:5   | Reached skill level 5 in Shields
 30337 | Lair:6   | Noticed Gicorar's ghost (journeyman GrEE)
 30366 | Lair:6   | Reached skill level 10 in Fighting
 30513 | Lair:6   | Found a runed translucent door.
 31863 | Lair:6   | Reached skill level 14 in Poison Magic
 32790 | Orc:1    | Killed an orc warlord
 33289 | Orc:2    | Entered Level 2 of the Orcish Mines
 33425 | Orc:2    | Noticed Josephine
 33426 | Orc:2    | Reached XP level 15. HP: 140/140 MP: 22/30
 33429 | Orc:2    | Killed Josephine
 34609 | Orc:2    | Reached skill level 1 in Invocations
 34789 | Orc:2    | Found Setwuog's Armour Boutique.
 34946 | Orc:2    | Found a staircase to the Elven Halls.
 35295 | Orc:2    | Found Panauniy's Assorted Antiques.
 35295 | Orc:2    | Found Heorue Atik's Magic Scroll Shoppe.
 35296 | Orc:2    | Found Efiuhugu's Distillery.
 35300 | Orc:2    | Found Ibogerr's Book Emporium.
 35303 | Orc:2    | Bought a red potion for 18 gold pieces
 35304 | Orc:2    | Bought a scroll of teleportation for 45 gold pieces
 35304 | Orc:2    | Bought a scroll of teleportation for 45 gold pieces
 35304 | Orc:2    | Bought a scroll of teleportation for 45 gold pieces
 35304 | Orc:2    | Bought a scroll of teleportation for 45 gold pieces
 35304 | Orc:2    | Bought a scroll of teleportation for 45 gold pieces
 35304 | Orc:2    | Bought a scroll of blinking for 112 gold pieces
 35740 | D:13     | Reached skill level 15 in Poison Magic
 36200 | D:13     | Found Fuleosip's Weapon Shoppe.
 36304 | D:13     | Learned a level 5 spell: Lightning Bolt
 38973 | D:14     | Found a gate to the Vaults.
 39103 | D:15     | Entered Level 15 of the Dungeon
 39110 | D:15     | Found a staircase to the Depths.
 39561 | D:15     | Reached skill level 5 in Evocations
 39897 | D:15     | Found an iron altar of Okawaru.
 40205 | D:15     | Reached skill level 5 in Invocations
 40411 | D:15     | Reached XP level 16. HP: 126/152 MP: 28/32
 41682 | Snake:1  | Entered Level 1 of the Snake Pit
 41682 | Snake:1  | You fall into a shaft and drop 1 floor!
 41695 | Snake:2  | Noticed Vashnia
 42457 | Snake:3  | Noticed Agnes
 42460 | Snake:3  | Killed Agnes
 42868 | Snake:3  | Reached skill level 1 in Armour
 43723 | Snake:3  | Noticed a nagaraja
 43734 | Snake:3  | Killed a nagaraja
 44273 | Lair:2   | HP: 6/154 [poisoned by a black mamba]
 44412 | Lair:1   | Learned a level 5 spell: Freezing Cloud
 44951 | Swamp:1  | Entered Level 1 of the Swamp
 44951 | Swamp:1  | Noticed Kirke
 44958 | Swamp:1  | Killed Kirke
 44989 | Lair:2   | Reached skill level 1 in Ice Magic
 46725 | Swamp:1  | Noticed Aizul
 46741 | Swamp:1  | Killed Aizul
 46921 | Swamp:1  | Noticed a fenstrider witch
 46926 | Swamp:1  | Killed a fenstrider witch
 47982 | Swamp:1  | Found a runed translucent door.
 48536 | Depths:1 | Entered Level 1 of the Depths
 48902 | Depths:2 | Found a one-way gate leading to the halls of Pandemonium.
 48918 | Depths:1 | Reached XP level 17. HP: 39/162 MP: 14/33
 49196 | Depths:1 | Noticed a pearl dragon
 49215 | Depths:1 | Killed a pearl dragon
 49282 | Depths:1 | HP: 7/163 [hell knight (5)]
 49286 | Depths:1 | Demolished by a hell knight

Illustrated notes

Levels and vault maps discovered:
D:1:      eino_arrival_cavern_b, layout_loops_ring, serial_shops,
          nicolae_shop_window_shopping, basic_ecumenical_altar
D:2:      layout_loops_corners, basic_altar, minmay_misc_feat_four_crosses,
          due_unseen_surprise
D:3:      layout_basic, gammafunk_ghost_arena, grunt_ministairs_6
D:4:      layout_basic, gup_sewer_entry_bowl, feat_on_display
D:5:      kennysheep_spiral_hall, layout_cave_pools, serial_bayou_pond_d
D:6:      layout_basic, centaur_isle
D:7:      layout_loops_corners, minmay_temple_entry_offerings
D:8:      cheibrodos_quashed, layout_cave_pools,
          hellmonk_guarded_unrand_staff_of_battle, uniq_pikel
D:9:      minmay_clustersquares, layout_small_grid, nicolae_figureground_pulse
D:10:     layout_rooms, lemuel_mausoleum_altar_yredelemnul, david_lair_generic,
          serial_shops, nicolae_stop_n_shop_1
D:11:     layout_loops_ring, serial_shops, nicolae_take_the_stairs,
          nicolae_benzene_ring, uniq_grum
D:12:     layout_basic, david_orc_5, serial_shops, shop, palyth_stone_intersect,
          dk_noncrumbling_4
D:13:     layout_irregular_city, serial_shops,
          nicolae_shop_bloodbath_and_beyond, st_stairs_9
D:14:     layout_irregular_city, grunt_vaults_entry_tiered, serial_column_ruins,
          column_ruins_hut, column_ruins_hut, column_ruins_columns_dead_end,
          column_ruins_open_tiny, column_ruins_columns_straight,
          column_ruins_open_tiny, column_ruins_open_small_water, minivault_26,
          minmay_circle_x
D:15:     grunt_enter_depths_giant_problem, layout_loops_ring,
          portal_ice_cave_entry_ice_simulacra, minivault_22,
          okawaru_altar_gauntlet_db
Lair:1:   layout_long_grid, special_room [special_room_bee],
          bh_autumn_forest_stairs, kennysheep_abandoned_house,
          serial_bayou_shore_b, lemuel_fruit_fields
Lair:2:   layout_chaotic_city, palyth_hydra_swamp_entry,
          minmay_snake_entry_guardpost_small, bobbens_dragon_lair_wall
Lair:3:   layout_gridlike, beast_lair_carwin_2
Lair:4:   minmay_lair_oklob_chamber, layout_gridlike,
          chequers_serial_rivers_micro_a, lemuel_fruit_tree
Lair:5:   layout_big_grid, nicolae_slime_entry_slimehenge
Lair:6:   evilmike_catoblepas_cave, layout_loops_ring,
          hellmonk_ghost_happy_afterlife, grunt_megastairs_3
Swamp:1:  gammafunk_mikee_crab_dinner, layout_basic_swamp, serial_swamp_ruin,
          evilmike_swamp_ruin_house_2, evilmike_swamp_ruin_rubble_2,
          evilmike_swamp_ruin_house_5, swamp_pool2, uniq_aizul, uniq_kirke
Snake:1:  layout_basic, st_stairs_8, evilmike_ambush
          [evilmike_ambush_outer_basic, evilmike_ambush_inner_wall_1],
          minmay_shoptagon
Snake:2:  minmay_snake_river, layout_onion, serial_bayou_shore_b, uniq_vashnia
Snake:3:  layout_grid_maze, uniq_agnes
Orc:1:    layout_diamond_mine, serial_shops, shop, enter_volcano_2,
          nicolae_orc_flooded_monolith
Orc:2:    st_orc_mages, layout_caves, gauntlet_entry_generic, serial_shops,
          shop, uniq_josephine
Depths:1: layout_cave_pools, hex_medium, rand_demon_pan_entry_7, hell_entry,
          hallowed_hall
Depths:2: grunt_double_whammy, layout_cave_pools, abyss_entry, pan_entry,
          chequers_serial_rivers_micro_b, pf_hell_entry_tar_spiral,
          grunt_ministairs_3, infiniplex_staircase_9_rooms

Skill      XL: |  1  2  3  4  5  6  7  8  9 10 11 12 13 14 15 16 17 |
---------------+----------------------------------------------------+-----
Spellcasting   | 3 4 5 6 7 8 9 10 11 12 13 | 13.1
Fighting       | 2 4 5 6 7 8 9 10 11 12 13 | 13.0
Dodging        | 2 3 4 5 6 7 8 9 |  9.7
Stealth        | 4 5 7 9 10 12 13 | 13.0
Poison Magic   | 5 6 8 9 10 12 14 15 | 15.0
Shields        | 1 2 3 4 5 |  5.0
Fire Magic     | 2 3 4 |  4.0
Conjurations   | 2 4 5 6 7 8 |  8.3
Air Magic      | 3 4 5 6 7 8 |  8.4
Evocations     | 2 3 5 |  5.0
Transmutations | 3 |  3.0
Invocations    | 5 7 8 |  8.0
Armour         | 2 |  2.0
Ice Magic      | 2 3 |  3.6

Action                   |  1- 3 |  4- 6 |  7- 9 | 10-12 | 13-15 | 16-18 || total
-------------------------+-------+-------+-------+-------+-------+-------++-------
Melee: Unarmed           |     6 |       |       |       |       |       ||     6
       Staff             |     1 |    21 |       |       |       |       ||    22
       Rapier            |       |     7 |    97 |       |       |       ||   104
       Punch             |       |       |     3 |       |       |       ||     3
       Dagger            |       |       |    18 |    26 |       |       ||    44
       Whip              |       |       |       |   192 |   131 |   112 ||   435
       Constrict         |       |       |       |       |    24 |    15 ||    39
 Cast: Sting             |    81 |    96 |   170 |    92 |   229 |   210 ||   878
       Poisonous Vapours |     3 |    11 |    25 |     3 |     6 |     3 ||    51
       Olgreb's Toxic Ra |       |       |    20 |   139 |   249 |    53 ||   461
       Ignite Poison     |       |       |       |    97 |   244 |    86 ||   427
       Static Discharge  |       |       |       |    30 |    25 |    21 ||    76
       Mephitic Cloud    |       |       |       |     1 |       |       ||     1
       Lightning Bolt    |       |       |       |       |    15 |    86 ||   101
       Freezing Cloud    |       |       |       |       |       |     6 ||     6
Invok: Upheaval          |       |     1 |       |       |       |     1 ||     2
       Disaster Area     |       |       |       |       |       |     4 ||     4
 Abil: Spit Poison       |     3 |    12 |     7 |    13 |       |       ||    35
       Breathe Poison Ga |       |       |       |     5 |    26 |    17 ||    48
Evoke: Wand              |       |       |       |    10 |     8 |     3 ||    21
       Lightning rod     |       |       |       |     3 |     3 |     2 ||     8
  Use: Scroll            |       |     8 |     1 |     7 |    14 |    15 ||    45
       Potion            |       |     3 |       |     3 |     3 |    25 ||    34
 Stab: Invisible         |       |       |       |       |       |     1 ||     1
Armor: Robe              |    11 |    30 |       |       |       |       ||    41
       Troll leather arm |       |    13 |   127 |   189 |   170 |   196 ||   695
       Skin              |       |       |       |       |       |     3 ||     3
Dodge: Dodged            |    26 |    54 |   101 |   218 |   186 |   211 ||   796
       Repelled          |       |       |       |    11 |     4 |    19 ||    34
Block: Other             |     3 |     9 |    22 |       |       |       ||    34
       Buckler           |       |       |    50 |   228 |   301 |   309 ||   888

Table legend: (Time is in decaauts)
 A = Elapsed time spent in this place.
 B = Non-inter-level travel time spent in this place.
 C = Inter-level travel time spent in this place.
 D = Time resting spent in this place.
 E = Time spent auto-exploring this place.
 F = Levels seen in this place.
 G = Mean time per level.
                   A        B        C        D        E       F      G
               +--------+--------+--------+--------+--------+-----+--------+
         Total |  57238 |  53853 |   3385 |  20377 |  25646 |  30 | 1907.9 |
       Dungeon |  30271 |  28517 |   1754 |   8751 |  15703 |  15 | 2018.1 |
          Lair |  17800 |  16307 |   1493 |   8033 |   6301 |   6 | 2966.7 |
         Swamp |   2462 |   2392 |     70 |    957 |   1116 |   1 | 2462.0 |
     Snake Pit |   2920 |   2920 |      0 |   1223 |   1176 |   3 |  973.3 |
  Orcish Mines |   2817 |   2751 |     66 |   1143 |   1104 |   2 | 1408.5 |
        Depths |    466 |    466 |      0 |    230 |      0 |   2 |  233.0 |
         Sewer |    500 |    500 |      0 |     38 |    245 |   1 |  500.0 |
               +--------+--------+--------+--------+--------+-----+--------+

Top non-repeatable levels by time:
  Lair:2: 5173 daAuts
  Lair:1: 4200 daAuts
 Snake:3: 2865 daAuts
    D:14: 2842 daAuts
    D:15: 2757 daAuts
    D:12: 2642 daAuts
 Swamp:1: 2462 daAuts
  Lair:5: 2429 daAuts
     D:9: 2390 daAuts
     D:7: 2368 daAuts
  Lair:6: 2352 daAuts
  Lair:3: 2273 daAuts
    D:10: 2156 daAuts
    D:11: 2103 daAuts
    D:13: 1906 daAuts
